 Dungeon Crawl Stone Soup version 0.29.1-14-g9c671dbff4 (webtiles) character file.

Game seed: 6499641068032078225

204 hawla the Firebug (level 6, -3/46 HPs)
             Began as a Meteoran Fire Elementalist on Feb 14, 2023.
             Was an Initiate of Vehumet.
             Slain by an ice beast (6 damage)
             ... on level 5 of the Dungeon.
             The game lasted 00:04:03 (870 turns).

hawla the Firebug (Meteoran Fire Elementalist)       Turns: 870, Time: 00:04:04

Health: -3/46      AC:  2    Str:  9    XL:     6   Next: 31%
Magic:  8/12       EV: 13    Int: 20    God:    Vehumet [......]
Gold:   49         SH:  0    Dex: 14    Spells: 5/12 levels left

rFire   . . .      SeeInvis .   (no weapon)
rCold   . . .      Faith    .   (no shield)
rNeg    . . .      Spirit   .   a - +0 robe
rPois   .          Reflect  .   (no helmet)
rElec   .          Harm     .   (no cloak)
rCorr   .          Rampage  .   (no gloves)
Will    .....                   (no boots)
Stlth   +.........              (no amulet)
HPRegen 0.15/turn               (no ring)
MPRegen 0.13/turn               (no ring)

@: glowing
A: sense surroundings 1, otherworldly, glowing, explore regen
a: Renounce Religion


You were on level 5 of the Dungeon.
You worshipped Vehumet.
Vehumet was noncommittal.
You visited 2 branches of the dungeon, and saw 6 of its levels.

You collected 49 gold pieces.

Inventory:

Armour
 a - a +0 robe (worn)
Jewellery
 d - an amulet of faith
Scrolls
 f - a scroll of identify
 g - a scroll of blinking {unknown}
Potions
 c - 3 potions of flight {unknown}
 h - a potion of attraction {unknown}


   Skills:
 + Level 0.3 Fighting
 + Level 2.9 Dodging
 - Level 1.4 Stealth
 + Level 3.7 Spellcasting
 + Level 4.6 Conjurations
 + Level 5.0 Fire Magic


You had 5 spell levels left.
You knew the following spells:

 Your Spells              Type           Power      Damage    Failure   Level
a - Foxfire               Conj/Fire      92%        2x1d8     1%          1
b - Scorch                Fire           46%        2d7       2%          2
c - Flame Wave            Conj/Fire      23%        2d8       19%         4

Your spell library contained the following spells:

 Spells                   Type           Power      Damage    Failure   Level
 Conjure Flame            Conj/Fire      23%        6-21      5%          3
 Inner Flame              Hex/Fire       13%        N/A       14%         3
 Call Canine Familiar     Summ           3%         N/A       36%         3
 Portal Projectile        Hex/Tloc       6%         N/A       36%         3
 Leda's Liquefaction      Hex/Erth       1%         N/A       78%         4


Dungeon Overview and Level Annotations

Branches:
Dungeon (5/15) Zot: 2395   Temple (1/1) D:4 Zot: 334

Altars:
Ashenzari
Cheibriados
Dithmenos
Elyvilon
Gozag
Hepliaklqana
Kikubaaqudgha
Makhleb
Nemelex Xobeh
Okawaru
Qazlal
Sif Muna
Trog
Uskayaw
Vehumet
Xom
Yredelemnul
Zin
The Shining One


Innate Abilities, Weirdness & Mutations

You passively map a small area around you.
You are easily found by Zot.
You glow in the dark.
You regain HP and MP as you explore.


Message History

Casting: Foxfire (safe; 1% risk of failure)
Confirm with . or Enter, or press ? or * to list all spells.
Okay, then.
You closely miss the ice beast.
The ice beast is heavily wounded.
The foxfire hits the ice beast.
The ice beast is heavily wounded.
The foxfire hits the ice beast but does no damage.
The ice beast is heavily wounded.
The foxfire hits the ice beast but does no damage.
The ice beast is heavily wounded.
Casting: Foxfire (safe; 1% risk of failure)
Confirm with . or Enter, or press ? or * to list all spells.
You conjure some foxfire!
The ice beast hits you. The ice beast freezes you!
You hit the ice beast but do no damage.
The ice beast is heavily wounded.
The foxfire hits the ice beast but does no damage.
The ice beast is heavily wounded.
The foxfire hits the ice beast.
The ice beast melts!
The ice beast is heavily wounded.
The ice beast hits you. The ice beast freezes you!
* * * LOW HITPOINT WARNING * * *
You feel much better. The ice beast hits you. The ice beast freezes you!
Magic courses through your body. The ice beast hits you.
The ice beast freezes you!
* * * LOW HITPOINT WARNING * * *
Casting: Foxfire (safe; 1% risk of failure)
Confirm with . or Enter, or press ? or * to list all spells.
Flames lash the ice beast.
The ice beast melts!
The ice beast is severely wounded.
The ice beast's fire resistance burns away.
The ice beast closely misses you.
Casting: Scorch (safe; 2% risk of failure)
Confirm with . or Enter, or press ? or * to list all spells.
Flames lash the ice beast.
The ice beast melts!
The ice beast is almost dead.
The ice beast hits you.
* * * LOW HITPOINT WARNING * * *
The ice beast freezes you.
You die...

* * **** ,,,,
* .. #######
*
....#.....#,*
, #...Y@# , *
###.#.#
..,#<# * ##
### , , * * ,
* * ** * , *
*


You could see an ice beast (combustible).

Vanquished Creatures
  A black bear (D:4)
  7 gnolls
  2 adders (D:4)
  An ufetubus (D:5)
  A worm (D:2)
  A dart slug (D:2)
  An orc (D:4)
  2 ball pythons (D:4)
  A bat (D:3)
  An endoplasm (D:4)
  A giant cockroach (D:3)
  3 goblins
  3 hobgoblins
25 creatures vanquished.

Vanquished Creatures (others)
  60 foxfires
60 creatures vanquished.

Grand Total: 85 creatures vanquished

Notes
Turn   | Place    | Note
-------+----------+-------------------------------------------
     0 | D:1      | hawla the Meteoran Fire Elementalist began the quest for
                  | the Orb.
     0 | D:1      | Reached XP level 1. HP: 14/14 MP: 5/5
   162 | D:2      | Reached XP level 2. HP: 13/20 MP: 2/6
   208 | D:2      | Learned a level 2 spell: Scorch
   264 | D:3      | Reached skill level 4 in Fire Magic
   264 | D:3      | Reached XP level 3. HP: 26/26 MP: 5/8
   288 | D:3      | Reached XP level 4. HP: 25/33 MP: 4/9
   314 | D:3      | Learned a level 4 spell: Flame Wave
   526 | D:4      | Noticed a black bear
   529 | D:4      | Killed a black bear
   530 | D:4      | Reached XP level 5. HP: 23/38 MP: 3/10
   538 | D:4      | Found a staircase to the Ecumenical Temple.
   548 | Temple   | Entered the Ecumenical Temple
   794 | Temple   | Became a worshipper of Vehumet
   826 | D:4      | Reached XP level 6. HP: 32/45 MP: 5/11
   829 | D:4      | Reached skill level 5 in Fire Magic
   857 | D:5      | Entered Level 5 of the Dungeon
   859 | D:5      | Noticed an ice beast
   870 | D:5      | Slain by an ice beast

Illustrated notes

Levels and vault maps discovered:
D:1:      matt_arrival_grand_opening, layout_basic, chequers_decorated_corner,
          minmay_heptomino_d4
D:2:      layout_loops_cross, shapermc_ecumenical_altar_notcrosses, uniq_sigmund
D:3:      layout_basic
D:4:      layout_loops_ring, chequers_temple_overflow_statue_of_worship,
          minmay_temple_entry_overgrown
D:5:      layout_basic, serial_glass, glass_columns_a, glass_columns_a,
          minmay_misc_feat_four_crosses, uniq_menkaure, uniq_crazy_yiuf_cottage,
          uniq_ijyb
Temple:   compressed_dpeg_triangle_lava_temple

Skill      XL: |  1  2  3  4  5  6 |
---------------+-------------------+-----
Fire Magic     | 4 5 |  5.0
Spellcasting   | 3 |  3.7
Conjurations   | 4 |  4.6
Fighting       | |  0.3
Dodging        | |  2.9
Stealth        | |  1.4

Action                   |  1- 3 |  4- 6 || total
-------------------------+-------+-------++-------
Melee: Unarmed           |     4 |     6 ||    10
 Cast: Foxfire           |    15 |    19 ||    34
       Scorch            |     3 |    17 ||    20
  Use: Scroll            |     3 |       ||     3
       Potion            |       |     2 ||     2
Armor: Robe              |       |     3 ||     3
Dodge: Dodged            |     4 |    10 ||    14
